 Dungeon Crawl Stone Soup version 0.25-a0-413-g3b4b6a4ccc (webtiles) character file.

Game seed: 864159790196469521, levelgen mode: deterministic

1597 Hasart the Frost Mage (level 8, 0/78 HPs)
             Began as a Vampire Ice Elementalist on Jan 15, 2020.
             Shot with an arrow by a centaur (7 damage)
             ... on level 5 of the Dungeon.
             The game lasted 00:15:16 (5781 turns).

Hasart the Frost Mage (Vampire Ice Elementalist)    Turns: 5781, Time: 00:15:16

Health: 0/78       AC: 24    Str:  7    XL:     8   Next: 62%
Magic:  7/15       EV:  2    Int: 20    God:
Gold:   209        SH:  5    Dex: 14    Spells: 7/16 levels left

rFire    . . .     SeeInvis +   h - +1 flail (venom)
rCold    . . .     Gourm    .   (no shield)
rNeg     + + +     Faith    .   (armour currently unavailable)
rPois    +         Spirit   .   (helmet currently unavailable)
rElec    .         Reflect  +   (cloak currently unavailable)
rCorr    .         Harm     .   (gloves currently unavailable)
MR       .....     NoTele   +   (boots currently unavailable)
Stlth    ++........             i - +5 amulet of reflection
HPRegen  0.43/turn              (no ring)
MPRegen  0.14/turn              (no ring)

@: tree-form, regenerating quickly
A: no food, see invisible
a: Exsanguinate


You were on level 5 of the Dungeon.
You were alive.
You were a tree.
You visited 1 branch of the dungeon, and saw 5 of its levels.

You collected 209 gold pieces.

Inventory:

Hand Weapons
 h - a +1 flail of venom (weapon)
Armour
 k - a scarf of cloud immunity (melded)
 o - a +2 pair of gloves (melded)
 u - a +1 robe of cold resistance (melded)
Jewellery
 i - a +5 amulet of reflection (around neck)
Wands
 t - a wand of flame (19)
Scrolls
 a - a scroll of remove curse
 b - 3 scrolls of amnesia
 c - 5 scrolls of identify
 g - 2 scrolls of enchant weapon
 l - a scroll of fog
 m - 5 scrolls of teleportation
Potions
 f - a potion of cancellation {unknown}
 j - a potion of resistance {unknown}
 n - a potion of degeneration {unknown}
 p - a potion of heal wounds {unknown}
 q - a potion of invisibility {unknown}
 r - a potion of ambrosia {unknown}
 s - a potion of brilliance {unknown}


   Skills:
 - Level 5.0 Dodging
 - Level 3.0 Stealth
 + Level 4.9 Spellcasting
 + Level 3.1 Conjurations
 + Level 2.0 Summonings
 * Level 8.2 Ice Magic


You had 7 spell levels left.
You knew the following spells:

 Your Spells              Type           Power        Failure   Level  Hunger
a - Freeze                Ice            ####         1%          1    N/A
b - Hailstorm             Conj/Ice       ####....     11%         4    N/A
c - Summon Ice Beast      Ice/Summ       ####....     14%         4    N/A

Your spell library contained the following spells:

 Spells                   Type           Power        Failure   Level  Hunger
 Ozocubu's Armour         Chrm/Ice       ###.....     6%          3    N/A

Dungeon Overview and Level Annotations

Branches:
Dungeon (5/15)
 Temple: D:4-7

Altars:

Shops:
D:4 (

Annotations:
D:4 3 runed translucent doors, Yorgos's ghost, novice GnFi


Innate Abilities, Weirdness & Mutations

You do not eat.
Your natural rate of healing is unusually fast.
((You have razor-sharp teeth.))
You have supernaturally acute eyesight. (SInv)
((You can survive without breathing.))


Message History

* * * LOW HITPOINT WARNING * * *
You closely miss the crimson imp.
The centaur shoots an arrow.
The arrow hits you but does no damage.
The crimson imp hits you but does no damage.
The centaur shoots an arrow.
You reflect the arrow off an invisible shield around you!
The arrow hits the centaur!
The crimson imp completely misses you.
You hit the crimson imp.
The crimson imp is poisoned.
The crimson imp is lightly wounded.
The centaur shoots an arrow.
The arrow completely misses you.
The crimson imp hits you but does no damage.
The centaur shoots an arrow.
The arrow hits you but does no damage.
Unknown command.
You hit the crimson imp.
The crimson imp is heavily wounded.
The centaur shoots an arrow.
The arrow hits you.
* * * LOW HITPOINT WARNING * * *
The crimson imp hits you but does no damage. x2
The centaur shoots an arrow.
The arrow hits you!
You die...

#..#l.# #......(.##
#>.....'........#........#
#........#........#
#.c......#........##
#........#..........
.........#........(.
..####......##..........
......))5.........####..
#.♣.....###.#...'..
#..(.)..# #.#.###..
#..(....# #.# #..
#....(..# #.#.# #..
#.......# #.#.# ###
#.......###.#.# #
#........##.#.# #
########.##'#.# # ...
#......# ##


You could see a centaur and a crimson imp.

Vanquished Creatures
  A troll (D:5)
  Sigmund (D:2)
  Edmund (D:4)
  Duvessa (D:5)
  A necrophage (D:3)
  3 ogres
  2 centaurs (D:5)
  Blork the orc (D:5)
  A water moccasin zombie (D:5)
  Dowan (D:5)
  A jelly (D:5)
  Terence (D:3)
  An iguana (D:4)
  A worker ant (D:4)
  9 adders
  8 gnolls
  3 oozes
  A dart slug (D:5)
  4 worms
  5 leopard geckos
  8 orcs
  4 giant cockroaches
  8 goblins
  8 hobgoblins
  6 jackals
  6 kobolds
  A quokka (D:3)
  11 bats
  8 frilled lizards
  8 rats
115 creatures vanquished.

Vanquished Creatures (others)
  A kobold (D:3)
1 creature vanquished.

Grand Total: 116 creatures vanquished

Notes
Turn   | Place    | Note
-------+----------+-------------------------------------------
     0 | D:1      | Hasart the Vampire Ice Elementalist began the quest for the
                  | Orb.
     0 | D:1      | Reached XP level 1. HP: 13/13 MP: 3/3
    89 | D:1      | Reached XP level 2. HP: 18/19 MP: 0/5
  1080 | D:2      | Reached XP level 3. HP: 13/24 MP: 4/6
  1133 | D:2      | Noticed an ogre
  1317 | D:2      | Noticed Sigmund
  1668 | D:3      | Reached XP level 4. HP: 30/30 MP: 5/7
  1680 | D:3      | Learned a level 4 spell: Hailstorm
  1782 | D:3      | Noticed a necrophage
  1799 | D:3      | Killed a necrophage
  1799 | D:3      | Reached skill level 5 in Ice Magic
  1799 | D:3      | Reached XP level 5. HP: 33/35 MP: 6/9
  1927 | D:3      | Noticed Terence
  1939 | D:3      | Killed Terence
  2186 | D:3      | Reached skill level 1 in Conjurations
  2551 | D:4      | Found a runed translucent gate.
  2551 | D:4      | Found a runed translucent gate.
  2619 | D:4      | Found a runed translucent gate.
  2619 | D:4      | Noticed Yorgos's ghost (novice GnFi)
  2670 | D:4      | Found Ofanuol's Antique Weapon Emporium.
  2782 | D:4      | Reached XP level 6. HP: 7/41 MP: 8/10
  3514 | D:4      | Reached skill level 6 in Ice Magic
  3826 | D:5      | Entered Level 5 of the Dungeon
  3937 | D:5      | Noticed Blork the orc
  3943 | D:5      | Killed Blork the orc
  3943 | D:5      | Reached XP level 7. HP: 34/46 MP: 1/12
  4037 | D:5      | Noticed Dowan
  4038 | D:5      | Noticed Duvessa
  4339 | D:2      | Killed Sigmund
  4773 | D:5      | Noticed Edmund
  4775 | D:5      | Reached skill level 7 in Ice Magic
  4775 | D:5      | Noticed a troll
  4802 | D:4      | Killed Edmund
  4802 | D:4      | Reached skill level 5 in Dodging
  4870 | D:5      | Reached XP level 8. HP: 51/52 MP: 9/14
  4876 | D:5      | Killed Dowan
  5076 | D:4      | Learned a level 4 spell: Summon Ice Beast
  5113 | D:5      | Killed Duvessa
  5263 | D:5      | Reached skill level 1 in Summonings
  5573 | D:5      | Killed a troll
  5573 | D:5      | Reached skill level 8 in Ice Magic
  5773 | D:5      | HP: 1/52 [centaur/arrow (17)]
  5781 | D:5      | Shot with an arrow by a centaur

Levels and vault maps discovered:
D:1:      dpeg_arrival_shelter, layout_basic, grunt_decor_arrowhead,
          minmay_misc_feat_square
D:2:      layout_basic, first_ration, uniq_sigmund
D:3:      layout_loops_ring, uniq_terence
D:4:      layout_basic, serial_shops, shop, gammafunk_ghost_necromancy
D:5:      layout_basic, uniq_duvessa, uniq_edmund, uniq_blork_the_orc

Skill      XL: |  1  2  3  4  5  6  7  8 |
---------------+-------------------------+-----
Dodging        | 3 4 5 |  5.0
Ice Magic      | 5 6 7 8 |  8.2
Spellcasting   | 3 4 |  4.9
Conjurations   | 1 2 3 |  3.1
Summonings     | 2 |  2.0
Stealth        | |  3.0

Action                   |  1- 3 |  4- 6 |  7- 9 || total
-------------------------+-------+-------+-------++-------
Melee: Unarmed           |   102 |       |       ||   102
       Bite              |    14 |     2 |    11 ||    27
       Club              |    28 |       |       ||    28
       Flail             |       |    77 |   104 ||   181
 Cast: Freeze            |    31 |    35 |    35 ||   101
       Hailstorm         |       |     4 |    14 ||    18
  Use: Scroll            |     5 |       |     2 ||     7
       Potion            |       |       |     2 ||     2
 Stab: Sleeping          |     8 |     9 |     2 ||    19
Armor: Robe              |    51 |    12 |    20 ||    83
       Skin              |       |       |    13 ||    13
Dodge: Dodged            |   147 |    74 |   126 ||   347
Block: Other             |    15 |    23 |    35 ||    73
       Reflection        |     1 |     2 |     4 ||     7

Table legend:
 A = Non-vault XP
 B = Vault XP
 C = Vault XP percentage of total XP
 D = Non-vault monster count
 E = Vault monster count
 F = Vault count percentage of total count
                 A         B        C        D         E       F
            +---------+---------+-------+---------+---------+-------
      Total |    1577 |     705 |  30.9 |     109 |       6 |   5.2
            +---------+---------+-------+---------+---------+-------
        D:1 |      35 |       0 |   0.0 |      24 |       0 |   0.0
        D:2 |     197 |     212 |  51.8 |      24 |       1 |   4.0
        D:3 |     208 |      38 |  15.4 |      23 |       1 |   4.2
        D:4 |     376 |     154 |  29.1 |      20 |       1 |   4.8
        D:5 |     761 |     301 |  28.3 |      18 |       3 |  14.3
            +---------+---------+-------+---------+---------+-------
